 Dungeon Crawl Stone Soup version 0.14-a0-2986-gd1872aa (console) character file.

204 Garrluk the Slasher (level 5, -11/41 HPs)
             Began as a Formicid Fighter on Mar 6, 2014.
             Killed by divine providence
             ... invoked by an orc priest
              (14 damage)
             ... on Level 3 of the Dungeon.
             The game lasted 00:05:07 (2279 turns).

Garrluk the Slasher (Formicid Fighter)              Turns: 2279, Time: 00:05:08

HP -11/41        AC 15     Str 21      XL: 5   Next: 29%
MP   7/7         EV  5     Int  8      God:
Gold 81          SH 18     Dex 10      Spells:  0 memorised,  4 levels left

rFire  . . .     SeeInvis +     e - +2,+1 mace (protect)
rCold  . . .     Clarity  .     l - +0 dwarf chain mail
rNeg   . . .     Conserve .     c - +0 shield
rPois  .         rCorr    .     (helmet unavailable)
rElec  .         rRot     .     (no cloak)
SustAb . .       Spirit   .     (no gloves)
rMut   .         Warding  .     (no boots)
Saprov . . .     Stasis   +     (no amulet)
MR     .....                    (no ring)
                                (no ring)

@: not resistant to hostile enchantments, extremely unstealthy
A: permanent stasis, dig shafts and tunnels, four strong arms, antennae 3
a: Dig, Shaft Self


You were on level 3 of the Dungeon.
You were not hungry.

You visited 1 branch of the dungeon, and saw 3 of its levels.

You collected 81 gold pieces.

Notes
Turn   | Place    | Note
--------------------------------------------------------------
     0 | D:1      | Garrluk, the Formicid Fighter, began the quest for the Orb.
     0 | D:1      | Reached XP level 1. HP: 18/18 MP: 1/1
   226 | D:1      | Reached XP level 2. HP: 24/24 MP: 3/3
   495 | D:2      | Reached XP level 3. HP: 27/29 MP: 4/4
   520 | D:2      | Reached skill level 1 in Throwing
   703 | D:2      | Noticed Terence
   789 | D:2      | Killed Terence
   789 | D:2      | Reached XP level 4. HP: 3/35 MP: 5/5
  1801 | D:2      | Reached XP level 5. HP: 38/41 MP: 7/7
  2117 | D:3      | Reached skill level 4 in Long Blades
  2279 | D:3      | Killed from afar by an orc priest

Inventory:

Hand weapons
 a - a +0,+0 falchion
 e - a +2,+1 mace of protection (weapon)
   (You took it off a hobgoblin on level 2 of the Dungeon)
Missiles
 g - 24 poisoned needles
 i - 11 darts (quivered)
 k - 7 stones
Armour
 b - a +0 scale mail
 c - a +0 shield (worn)
 l - a +0 dwarven chain mail (worn)
   (You took it off Terence on level 2 of the Dungeon)
Comestibles
 d - 3 bread rations
 f - 15 strawberries
 j - 2 rotting chunks of orc flesh
 m - a pear
 n - 2 meat rations
 p - an apple
 q - a chunk of adder flesh
 s - 2 chunks of orc flesh
Scrolls
 h - 3 scrolls of fog {unknown}
 o - a scroll of recharging {unknown}
 r - a scroll of fear {unknown}

Table legend:
 A = Turns spent in this place as a percentage of turns spent in the entire game.
 B = Non-inter-level travel turns spent in this place as a percentage of non-inter-level travel turns spent in the entire game.
 C = Inter-level travel turns spent in this place as a percentage of turns spent in this place.
 D = Turns resting spent in this place as a percentage of non-inter-level travel turns spent in this place.
 E = Turns spent auto-exploring this place as a percentage of non-inter-level travel turns spent in this place.
 F = Non-inter-level travel turns spent in this place divided by the number of levels of this place that you've seen.
                   A       B       C       D       E      F
               +-------+-------+-------+-------+-------+----------------------
         Total | 100.0 | 100.0 |   0.6 |   2.7 |   8.8 | 211.0
       Dungeon | 100.0 | 100.0 |   0.6 |   2.7 |   8.8 | 211.0
               +-------+-------+-------+-------+-------+----------------------


   Skills:
 - Level 3.0 Fighting
 * Level 4.1 Long Blades
 + Level 2.1 Throwing
 - Level 3.6 Armour
 - Level 3.0 Shields


You had 4 spell levels left.
You didn't know any spells.

Dungeon Overview and Level Annotations

Branches:
Dungeon (3/16)

Altars:


Innate Abilities, Weirdness & Mutations

Your are under a permanent stasis effect.
You can dig through walls and to a lower floor.
Your four strong arms can wield any weapon, most with a shield.
You have a pair of large antennae on your head (SInv).


Message History

Your shield and chain mail prevent you from hitting the orc priest.
You block the orc's attack.
The orc priest calls down the wrath of Beogh upon you.
Something smites you!
Your chain mail prevents you from hitting the orc priest.
You block the orc's attack. The orc priest completely misses you.
The orc hits you but does no damage. You block the orc priest's attack.
You hit the orc priest.
The orc priest is moderately wounded.
You block the orc's attack.
The orc priest hits you but does no damage.
You hit the orc priest.
The orc priest is heavily wounded.
The orc hits you but does no damage.
The orc priest mumbles some strange prayers to Beogh against you.
Something smites you!
* * * LOW HITPOINT WARNING * * *
You block the orc's attack.
The orc priest invokes the aid of Beogh against you.
Something smites you!
You die...

######## .......#
####### .......#
#.....# ######
.......#
#.....########.....
.....<.# #
#..............####
.......+
...###.....##########
.......# #.........#
#####+## #####.....#
##.#### #@o# ##o#
######## ....
#....... .......
#....... .........#
#....... .....$....
#....... #..........
#....... .........
+....... ... #...%...
#....... #.......


You could see an orc priest and an orc.

Table legend:
 A = Kills in this place as a percentage of kills in entire the game.
 B = Kills by you in this place as a percentage of kills by you in the entire game.
 C = Kills by friends in this place as a percentage of kills by friends in the entire game.
 D = Other kills in this place as a percentage of other kills in the entire game.
 E = Experience gained in this place as a percentage of experience gained in the entire game.
 F = Experience gained in this place divided by the number of levels of this place that you have seen.
                   A       B       C       D       E      F
               +-------+-------+-------+-------+-------+----------------------
         Total | 100.0 | 100.0 |  -nan |  -nan | 100.0 |  59.0
       Dungeon | 100.0 | 100.0 |  -nan |  -nan | 100.0 |  59.0
               +-------+-------+-------+-------+-------+----------------------

Vanquished Creatures
  Monster Symbol All '@' Terence (D:2)
1 creature vanquished. All 'K' 5 kobolds
5 creatures vanquished. All 'S' 5 adders A ball python (D:1)
6 creatures vanquished. All 'X' An inept feature mimic (D:2)
1 creature vanquished. All 'b' 2 bats
2 creatures vanquished. All 'g' 6 goblins 8 hobgoblins
14 creatures vanquished. All 'l' A giant gecko (D:2) A giant newt (D:1)
2 creatures vanquished. All 'o' 7 orcs (D:3)
7 creatures vanquished. All 'r' A quokka (D:2) 9 rats
10 creatures vanquished. All 's' A giant cockroach (D:3)
1 creature vanquished. All 'w' A worm (D:2)
1 creature vanquished.
50 creatures vanquished. Monster Nature Uniques Terence (D:2)
1 creature vanquished. Natural Monsters 5 adders A worm (D:2) A giant gecko (D:2) 7 orcs (D:3) 6 goblins 8 hobgoblins A quokka (D:2) A ball python (D:1) 2 bats A giant cockroach (D:3) A giant newt (D:1) 5 kobolds 9 rats
48 creatures vanquished. Non-Living Monsters An inept feature mimic (D:2)
1 creature vanquished.
50 creatures vanquished. Ascending Order Terence (D:2) An inept feature mimic (D:2) A worm (D:2) A giant gecko (D:2) A quokka (D:2) A ball python (D:1) A giant cockroach (D:3) A giant newt (D:1) 2 bats 5 adders 5 kobolds 6 goblins 7 orcs (D:3) 8 hobgoblins 9 rats
50 creatures vanquished.

Action                   |  1- 3 |  4- 6 || total
-------------------------+-------+-------++-------
Melee: Falchion          |   102 |       ||   102
       Mace              |       |    96 ||    96
Throw: Dart              |       |     3 ||     3
 Abil: Dig               |       |     1 ||     1
  Use: Potion            |     1 |       ||     1
